 Dungeon Crawl Stone Soup version 0.18-a0-987-g0b0e4e7 (webtiles) character file.

83 Gnarlagapoticus the Conjurer (level 4, -2/24 HPs)
             Began as a Deep Elf Conjurer on Jan 4, 2016.
             Killed from afar by Natasha (7 damage)
             ... with a magic dart
             ... on level 2 of the Dungeon.
             The game lasted 00:03:48 (1336 turns).

Gnarlagapoticus the Conjurer (Deep Elf Conjurer)    Turns: 1336, Time: 00:03:48

Health: -2/24      AC:  3    Str:  5    XL:     4   Next: 22%
Magic:  8/12       EV: 13    Int: 21    God:
Gold:   82         SH:  0    Dex: 15    Spells: 2 memorised, 8 levels left

rFire  . . .     SeeInvis .     (no weapon)
rCold  . . .     Gourm    .     a - +0 robe
rNeg   . . .     Faith    .     (no shield)
rPois  .         Spirit   .     (no helmet)
rElec  .         Dismiss  .     d - +0 cloak
rCorr  .         Reflect  .     (no gloves)
SustAt .         Harm     .     (no boots)
MR     .....                    (no amulet)
Stlth  ++........               (no ring)
                                (no ring)

@: not resistant to hostile enchantments, unstealthy
A: no striking features
a: no special abilities


You were on level 2 of the Dungeon.
You were not hungry.

You visited 1 branch of the dungeon, and saw 2 of its levels.

You collected 82 gold pieces.

Inventory:

Armour
 a - a +0 robe (worn)
 d - a +0 cloak (worn)
Scrolls
 e - 2 scrolls of magic mapping {unknown}
 i - a scroll of identify {unknown}
 j - a scroll of teleportation {unknown}
 k - a scroll of random uselessness {unknown}
 l - a scroll of recharging {unknown}
 n - a scroll of remove curse {unknown}
Potions
 h - a potion of curing {unknown}
Books
 b - a book of Conjurations

   Spells                             Type                      Level
   a - Magic Dart                     Conjuration                  1
   b - Searing Ray                    Conjuration                  2
   c - Dazzling Spray                 Conjuration/Hexes            3
   d - Fulminant Prism                Conjuration/Hexes            4
   e - Iskenderun's Mystic Blast      Conjuration                  4
   f - Iskenderun's Battlesphere      Conjuration/Charms           5
Comestibles
 c - 2 bread rations
 f - a royal jelly
 g - a meat ration
 m - 3 chunks of flesh


   Skills:
 + Level 0.1 Fighting
 + Level 2.5 Dodging
 + Level 2.8 Stealth
 + Level 4.0 Spellcasting
 + Level 5.7 Conjurations


You had 8 spell levels left.
You knew the following spells:

 Your Spells              Type           Power        Failure   Level  Hunger
a - Magic Dart            Conj           ####         1%          1    None
b - Searing Ray           Conj           ####..       1%          2    #......


Dungeon Overview and Level Annotations

Branches:
Dungeon (2/15)

Altars:

Annotations:
D:2 Natasha


Message History

Casting: Magic Dart
Confirm with . or Enter, or press ? or * to list all spells.
Aiming: Magic Dart
Press: ? - help, Shift-Dir - straight line, f/p - Natasha
Aim: Natasha (lightly wounded)
The magic dart hits Natasha.
Natasha is moderately wounded.
Natasha stares at you and mumbles some strange words.
The magic dart hits you!
* * * LOW HITPOINT WARNING * * *
Casting: Magic Dart
Confirm with . or Enter, or press ? or * to list all spells.
Aiming: Magic Dart
Press: ? - help, Shift-Dir - straight line, f/p - Natasha
Aim: Natasha (moderately wounded)
The magic dart hits Natasha.
Natasha is heavily wounded.
Natasha casts a spell at you. The magic dart hits you!
You die...

#.#.# #.# ##.....##
#.#.##..# ##.......##
#.#.#...####.....)...#
......... )'......>.÷'
h.#..(# #.........#
..#.# #.......## #.#.#
##.....## #.#.#.#
##...## #...@.###
##'## #.......##
#.#####
#.#.##...######(#÷...
# #.#.#..<...........
#......#####....##.
#####.## #.....##. #.#
##....### #.# ##.#.#
..# ###.###


You could see Natasha.

Vanquished Creatures
  Natasha (D:2)
  3 oozes
  2 worms (D:2)
  2 giant geckos (D:1)
  5 bats
  3 giant cockroaches
  4 goblins
  2 hobgoblins (D:1)
  5 jackals (D:2)
  3 kobolds
  A giant newt (D:2)
  3 rats (D:1)
34 creatures vanquished.

Notes
Turn   | Place    | Note
--------------------------------------------------------------
     0 | D:1      | Gnarlagapoticus the Deep Elf Conjurer began the quest for the Orb.
     0 | D:1      | Reached XP level 1. HP: 10/10 MP: 6/6
   104 | D:1      | Reached XP level 2. HP: 15/15 MP: 0/8
   170 | D:1      | Reached skill level 5 in Conjurations
   440 | D:1      | Reached XP level 3. HP: 19/19 MP: 5/9
   851 | D:2      | Learned a level 2 spell: Searing Ray
  1299 | D:2      | Noticed Natasha
  1303 | D:2      | Killed Natasha
  1303 | D:2      | Reached XP level 4. HP: 16/24 MP: 8/12
  1333 | D:2      | Noticed Natasha
  1336 | D:2      | Killed from afar by Natasha

Vault maps used:
D:1:      dpeg_arrival_signposts
D:2:      uniq_sigmund, uniq_natasha

Action                   |  1- 3 |  4- 6 || total
-------------------------+-------+-------++-------
 Cast: Magic Dart        |    81 |     3 ||    84
       Searing Ray       |     1 |       ||     1
  Eat: Chunk             |     1 |       ||     1
